 Dungeon Crawl Stone Soup version 0.24.0-28-g17ded55e90 (webtiles) character file.

Game seed: 16898758996307462987, levelgen mode: deterministic

51 Gumption the Shield-Bearer (level 3, -1/30 HPs)
             Began as a Barachi Fighter on Nov 13, 2019.
             Slain by Natasha (3 damage)
             ... on level 2 of the Dungeon.
             The game lasted 00:08:39 (1321 turns).

Gumption the Shield-Bearer (Barachi Fighter)        Turns: 1321, Time: 00:08:40

Health: -1/30      AC:  7    Str: 18    XL:     3   Next: 83%
Magic:  3/3        EV: 12    Int:  8    God:
Gold:   43         SH:  9    Dex: 16    Spells: 2/2 levels left

rFire    . . .     SeeInvis .   a - +0 long sword
rCold    . . .     Gourm    .   c - +0 shield
rNeg     . . .     Faith    .   b - +0 scale mail
rPois    .         Spirit   .   (no helmet)
rElec    .         Reflect  .   (no cloak)
rCorr    .         Harm     .   (no gloves)
MR       .....                  (no boots)
Stlth    +.........             (no amulet)
HPRegen  0.10/turn              (no ring)
MPRegen  0.08/turn              (no ring)

@: agile, slowed, very slow
A: +LOS, swims, slowness 1, strong legs 1
a: Hop


You were on level 2 of the Dungeon.
You were not hungry.

You visited 1 branch of the dungeon, and saw 2 of its levels.

You collected 43 gold pieces.

Inventory:

Hand Weapons
 a - a +0 long sword (weapon)
Missiles
 f - 7 poisoned darts (quivered)
 h - 30 stones
Armour
 b - a +0 scale mail (worn)
 c - a +0 shield (worn)
 j - a +0 chain mail
Scrolls
 i - a scroll of identify {unknown}
 k - 2 scrolls of teleportation {unknown}
Potions
 d - 2 potions of might
 l - a potion of ambrosia {unknown}
Comestibles
 e - 5 rations


   Skills:
 + Level 4.0 Fighting
 * Level 3.5 Long Blades
 + Level 3.9 Armour
 * Level 4.0 Shields


You had 2 spell levels left.
You didn't know any spells.
Your spell library was empty.

Dungeon Overview and Level Annotations

Branches:
Dungeon (2/15)

Altars:
Fedhas
Kikubaaqudgha

Annotations:
D:2 Natasha


Innate Abilities, Weirdness & Mutations

Shadows flee at your approach. (+LOS)
You can swim through water.
You cover ground slowly.
You can hop short distances.


Message History

Natasha is lightly wounded.
Natasha claws you.
* * * LOW HITPOINT WARNING * * *
You barely miss Natasha.
Natasha is moderately wounded.
Natasha stares at you and mumbles some strange words.
You feel yourself slow down.
You hit Natasha but do no damage.
Natasha is moderately wounded.
Natasha looks more healthy.
Natasha claws you!
* * * LOW HITPOINT WARNING * * *
Natasha stares at you and mumbles some strange words.
You feel as though you will be slow longer.
It was a potion of agility.
You feel agile all of a sudden. Natasha claws you but does no damage.
You block Natasha's attack.
You barely miss Natasha.
Natasha is heavily wounded.
You block Natasha's attack. Natasha claws you.
You die...

.##...#######................
.#..P# #..........>.....
.#..P### #................
.......## #............h...
........# #####...#######..
#P..#.#.# #..h# #..P#...#
###.# P..################(#
P_.#............@h.(#
...################## ####


You could see Natasha.

Vanquished Creatures
  4 dart slugs (D:1)
  2 leopard geckos (D:1)
  A ball python (D:1)
  5 goblins
  4 jackals (D:1)
  A quokka (D:2)
  A bat (D:1)
  11 frilled lizards (D:1)
  6 kobolds
  9 rats
44 creatures vanquished.

Notes
Turn   | Place    | Note
-------+----------+-------------------------------------------
     0 | D:1      | Gumption the Barachi Fighter began the quest for the Orb.
     0 | D:1      | Reached XP level 1. HP: 18/18 MP: 1/1
   151 | D:1      | Reached XP level 2. HP: 23/25 MP: 2/2
   441 | D:1      | Reached XP level 3. HP: 30/30 MP: 3/3
  1059 | D:2      | Found a blossoming altar of Fedhas.
  1063 | D:2      | Found an ancient bone altar of Kikubaaqudgha.
  1304 | D:2      | Noticed Natasha
  1321 | D:2      | Slain by Natasha

Levels and vault maps discovered:
D:1:      minmay_arrival_hallway, layout_rooms, chequers_serial_rivers_small_a,
          minmay_lizard_king
D:2:      layout_basic, grunt_temple_overflow_growth_and_decay,
          supply_closet_lemuel, chequers_serial_rivers_large_a, uniq_natasha

Skill      XL: |  1  2  3 |
---------------+----------+-----
Long Blades    | 3 |  3.5
Shields        | 4 |  4.0
Fighting       | 4 |  4.0
Armour         | |  3.9

Action                   || total
-------------------------++-------
Melee: Long sword        ||   141
Throw: Dart              ||     7
  Use: Potion            ||     1
  Eat: Chunk             ||     2
Armor: Scale mail        ||    55
Dodge: Dodged            ||    43
Block: Shield            ||    73
       Rpst.: Long sword ||    11
